[Event "AZE-ch Women 2019"]
[Site "Baku"]
[Date "2019.02.04"]
[Round "1.1"]
[White "Mammadzada, Gunay"]
[Black "Hajiyeva, Laman"]
[Result "1-0"]
[ECO "C09"]
[WhiteElo "2422"]
[BlackElo "2040"]
[Annotator "ChessBase"]
[PlyCount "119"]
[EventDate "2019.02.04"]
[EventType "swiss"]
[EventCountry "AZE"]
[SourceTitle "playchess.com"]
[Source "ChessBase"]
[SourceQuality "1"]
[TimeControl "40/5400+30:1800+30"]

1. e4 e6 2. d4 d5 3. Nd2 c5 4. Ngf3 Nc6 5. exd5 exd5 6. Bb5 Bd6 7. dxc5 Bxc5 8. O-O Nge7 9. Nb3 Bd6 10. c3 O-O 11. Bd3 Ng6 12. Bc2 Bc7 13. h3 Qd6 14. Qd3 Re8 15. Bd2 Re4 16. Nbd4 Nh4 17. g3 Nxd4 18. cxd4 Nf5 19. Ng5 Rxd4 20. Qe2 h6 21. Nf3 Rc4 22. Bd3 Rc6 23. Rfe1 Be6 24. Bxf5 Bxf5 25. Nd4 Bxh3 26. Nxc6 bxc6 27. Bf4 Qd7 28. Bxc7 Qxc7 29. Rac1 Rc8 30. Rc3 Be6 31. Rc5 g6 32. b4 Qb8 33. Qd2 h5 34. Qd4 Qb6 35. Rec1 Re8 36. Qf4 Bd7 37. a3 a6 38. R5c3 Re6 39. Rf3 Be8 40. Rc5 Qd8 41. Re3 Rxe3 42. Qxe3 Bd7 43. Qe5 h4 44. Rc3 h3 45. Qd6 Qe8 46. Re3 Be6 47. Kh2 Qc8 48. Rc3 Bd7 49. a4 Qe8 50. Re3 Be6 51. g4 Qc8 52. f3 Qb7 53. Kxh3 Qb6 54. Qc5 Qb8 55. Qd4 Qd8 56. Kg2 Qb8 57. Re1 Qd8 58. Rh1 f6 59. g5 Bf5 60. gxf6 1-0

[Event "AZE-ch Women 2019"]
[Site "Baku"]
[Date "2019.02.04"]
[Round "1.5"]
[White "Hojjatova, Aydan"]
[Black "Babayeva, Samira"]
[Result "1-0"]
[ECO "B00"]
[WhiteElo "2303"]
[BlackElo "1773"]
[Annotator "RC"]
[PlyCount "61"]
[EventDate "2019.02.04"]
[EventType "swiss"]
[EventCountry "AZE"]
[SourceTitle "playchess.com"]
[Source "ChessBase"]
[SourceQuality "1"]
[TimeControl "40/5400+30:1800+30"]

1. e4 d6 2. d4 c6 3. Nc3 Qc7 4. f4 e5 5. Nf3 Bg4 6. Be3 Be7 7. Be2 Nd7 8. O-O f6 9. a4 Nh6 10. Bc4 f5 11. h3 Bxf3 12. Qxf3 O-O-O 13. Be6 fxe4 14. Qxe4 d5 15. Qxe5 Bf6 16. Qxc7+ Kxc7 17. g4 Rhe8 18. f5 Nf8 19. g5 Nxe6 20. fxe6 Rxe6 21. Bf4+ Kc8 22. gxf6 Rxf6 23. Be5 Rg6+ 24. Kh2 Rd7 25. Rf8+ Rd8 26. Raf1 a6 27. a5 Rg5 28. Na4 Rxf8 29. Rxf8+ Kd7 30. Nc5+ Ke7 31. Rb8 1-0

[Event "AZE-ch Women 2019"]
[Site "Baku"]
[Date "2019.02.04"]
[Round "1.8"]
[White "Jafarova, Aysel"]
[Black "Beydullayeva, Govhar"]
[Result "0-1"]
[ECO "A06"]
[WhiteElo "1376"]
[BlackElo "2239"]
[Annotator "RC"]
[PlyCount "88"]
[EventDate "2019.02.04"]
[EventType "swiss"]
[EventCountry "AZE"]
[SourceTitle "playchess.com"]
[Source "ChessBase"]
[SourceQuality "1"]
[TimeControl "40/5400+30:1800+30"]

1. Nf3 d5 2. c4 c6 3. g3 dxc4 4. Bg2 Nf6 5. O-O e6 6. Qc2 b5 7. a4 Bb7 8. b3 cxb3 9. Qxb3 b4 10. Bb2 c5 11. d3 Bd5 12. Qc2 Nbd7 13. Nbd2 Be7 14. Nc4 a5 15. Nfd2 O-O 16. Rac1 Qc7 17. f4 Bxg2 18. Kxg2 Rfd8 19. Ne5 Qb7+ 20. Kg1 Nd5 21. Nec4 N7b6 22. Rf3 Qc6 23. Ra1 Bf6 24. Bxf6 Nxf6 25. Ne5 Qd6 26. Ndc4 Qd4+ 27. Kg2 Nxc4 28. Qxc4 Qxa1 29. Qxc5 Qxa4 30. Rf1 Rac8 31. Qf2 Qb5 32. Nc4 a4 33. Ra1 a3 34. Qe1 Qd5+ 35. Kg1 Qd4+ 36. Kg2 Rxc4 37. dxc4 Ng4 38. Rc1 Ne3+ 39. Kf3 f5 40. Qg1 Qe4+ 41. Kf2 b3 42. c5 b2 43. Re1 b1=Q 44. Rxb1 Ng4+ 0-1

[Event "AZE-ch Women 2019"]
[Site "Baku"]
[Date "2019.02.04"]
[Round "1.9"]
[White "Allahverdiyeva, Ayan"]
[Black "Hajiyeva, Altunay"]
[Result "1-0"]
[ECO "C77"]
[WhiteElo "2051"]
[BlackElo "1315"]
[Annotator "NA RC"]
[PlyCount "149"]
[EventDate "2019.02.04"]
[EventType "swiss"]
[EventCountry "AZE"]
[SourceTitle "playchess.com"]
[Source "ChessBase"]
[SourceQuality "1"]
[TimeControl "40/5400+30:1800+30"]

1. e4 e5 2. Nf3 Nc6 3. Bb5 a6 4. Ba4 Nf6 5. d3 d6 6. O-O b5 7. Bb3 Na5 8. Nc3 h6 9. Re1 c6 10. d4 Qc7 11. a4 Nxb3 12. cxb3 b4 13. Nb1 a5 14. Qc2 Be7 15. dxe5 dxe5 16. Nxe5 Bb7 ({Black should play} 16... O-O $14 17. Nf3 (17. Nxc6 Bd8 $14) (17. Qxc6 $2 Qxe5 18. Nd2 Ba6 $19) 17... Re8) 17. Nd3 c5 18. Bf4 Qb6 19. Nd2 O-O 20. Ne5 Qe6 21. Nec4 Rfd8 22. f3 Ne8 23. e5 Ba6 {[%emt 0:02:22] Nd} 24. Nd6 Qd5 25. Qe4 (25. N2c4 $16) 25... Qxe4 (25... Qd4+ $142 26. Qxd4 cxd4) 26. N2xe4 ({Don't do} 26. N6xe4 $6 Nc7 $14) 26... Bxd6 (26... Bc8 $16 27. Rad1 Nc7) 27. exd6 ({But not} 27. Nxd6 $6 Bc8 $16) 27... c4 (27... Bc8 $142 28. Nxc5 Nf6) 28. Nc5 Nxd6 29. Rad1 Nb7 30. Rxd8+ Nxd8 31. Nxa6 Rxa6 32. Re8+ Kh7 33. Rxd8 Rc6 34. bxc4 Rxc4 35. Bd2 Rc2 36. b3 Rb2 37. Rd3 Rc2 38. Kf2 Rc5 39. Rd6 Rc2 40. Ke3 Rb2 41. Rd3 Rc2 42. Ke4 Rc6 43. Rd5 Rc2 44. Kd3 Rb2 45. Kc4 Rb1 46. Rxa5 Rg1 47. Bxb4 Rxg2 48. Rh5 Rg6 49. a5 Rf6 50. Bc3 Rxf3 51. a6 Re3 52. a7 Re8 53. Ra5 Ra8 54. Kb5 f5 55. Kb6 f4 56. Kb7 Rf8 57. a8=Q Rxa8 58. Kxa8 g5 59. Rf5 Kg6 60. Rf6+ Kh5 61. h3 Kh4 62. Rxh6+ Kg3 63. Rh5 f3 64. Rxg5+ Kxh3 65. Rf5 Kg4 66. Rf8 Kg3 67. Bd4 Kg2 68. b4 f2 69. Rxf2+ Kg3 70. b5 Kg4 71. b6 Kg5 72. b7 Kg4 73. b8=Q Kg5 74. Qg3+ Kh5 75. Rh2# 1-0